 Dungeon Crawl Stone Soup version 0.28.0-53-g5a82cb258f (webtiles) character file.

Game seed: 17880354501520690727

44 DivinePoxer the Charlatan (level 3, 0/33 HPs)
             Began as a Naga Wanderer on Aug 5, 2022.
             Slain by a worm (3 damage)
             ... on level 2 of the Dungeon.
             The game lasted 00:02:21 (2800 turns).

DivinePoxer the Charlatan (Naga Wanderer)           Turns: 2800, Time: 00:02:22

Health: 0/33       AC:  2    Str: 15    XL:     3   Next: 60%
Magic:  4/4        EV:  9    Int: 16    God:
Gold:   29         SH:  0    Dex:  7    Spells: 4/4 levels left

rFire   . . .      SeeInvis +   f - +0 whip
rCold   . . .      Faith    .   (no shield)
rNeg    . . .      Spirit   .   b - +0 robe
rPois   +          Reflect  .   (no helmet)
rElec   .          Harm     .   (no cloak)
rCorr   .          Rampage  .   (no gloves)
Will    .....                   (no barding)
Stlth   +.........              (no amulet)
HPRegen 0.11/turn               (no ring)
MPRegen 0.09/turn               (no ring)

@: short of breath, very slow
A: AC +1, large, see invisible, deformed body, poison resistance, slowness 2,
spit poison 1, naga tail 1
a: Spit Poison


You were on level 2 of the Dungeon.
You visited 1 branch of the dungeon, and saw 2 of its levels.

You collected 29 gold pieces.

Inventory:

Hand Weapons
 a - a +0 club
 e - a +0 dagger
 f - a +0 whip (weapon)
Missiles
 k - 21 stones (quivered)
Armour
 b - a +0 robe (worn)
Wands
 c - a wand of flame (5)
Scrolls
 d - a scroll of enchant weapon {unknown}
 g - a scroll of teleportation {unknown}
 h - a scroll of noise {unknown}
 i - a scroll of immolation {unknown}
 j - 3 scrolls of blinking {unknown}


   Skills:
 + Level 2.8 Fighting
 + Level 1.5 Axes
 - Level 1.0 Armour
 - Level 1.0 Spellcasting
 - Level 2.0 Hexes
 - Level 1.0 Summonings
 - Level 4.0 Evocations


You had 4 spell levels left.
You didn't know any spells.
Your spell library contained the following spells:

 Spells                   Type           Power      Damage    Failure   Level
 Slow                     Hex            28%        N/A       10%         1
 Summon Small Mammal      Summ           16%        N/A       16%         1
 Call Canine Familiar     Summ           4%         N/A       41%         3
 Inner Flame              Hex/Fire       4%         N/A       41%         3
 Fulminant Prism          Conj/Hex       2%         3d6       83%         4


Dungeon Overview and Level Annotations

Branches:
Dungeon (2/15)

Altars:


Innate Abilities, Weirdness & Mutations

Your serpentine skin is tough. (AC +1)
You have supernaturally acute eyesight. (SInv)
Armour fits poorly on your strangely shaped body.
Your system is resistant to poisons. (rPois)
You cover ground very slowly.
You can spit poison.
You have a snake-like lower body.


Message History

The worm is lightly wounded.
You barely miss the worm.
The worm is lightly wounded.
The worm barely misses you.
Aiming: Spit Poison (2% risk of failure)
Press: ? - help, Shift-Dir - straight line, f - worm
Aim: a worm (lightly wounded, 86% to hit)
The splash of poison hits the worm!
The worm is poisoned.
The worm is heavily wounded.
The worm bites you.
Unknown command.
You barely miss the worm.
The worm is heavily wounded.
You hit the worm.
The worm is severely wounded.
The worm bites you.
You hit the worm but do no damage. Your punch misses the worm.
The worm is heavily wounded.
The worm bites you.
You hit the worm.
The worm is severely wounded.
You have got your breath back.
You barely miss the worm. You punch the worm.
The worm is severely wounded.
The worm looks more healthy.
The worm bites you.
Aiming: Spit Poison (2% risk of failure)
Press: ? - help, Shift-Dir - straight line, f/p - worm
Aim: a worm (severely wounded, 86% to hit)
The splash of poison hits the worm but does no damage.
The worm is poisoned.
The worm is severely wounded.
Unknown command.
You hit the worm.
The worm is almost dead.
The worm bites you!
* * * LOW HITPOINT WARNING * * *
You barely miss the worm.
The worm is almost dead.
The worm bites you.
You die...

##.### #
#######.#
#.####.......#
.........#####
...†...#.#
...)...#.###
......##...#
.......w...#
......##@#.#
..... #†#.#
#### #.#.# #.#
# #.# #.# #.#
#.. ##.


You could see a worm (poisoned).

Vanquished Creatures
  A dart slug (D:1)
  2 ball pythons (D:1)
  6 endoplasms
  2 giant cockroaches (D:1)
  5 goblins
  2 hobgoblins (D:1)
  3 jackals (D:1)
  4 kobolds
  3 quokkas
  A bat (D:1)
  3 frilled lizards (D:1)
  3 rats
35 creatures vanquished.

Notes
Turn   | Place    | Note
-------+----------+-------------------------------------------
     0 | D:1      | DivinePoxer the Naga Wanderer began the quest for the Orb.
     0 | D:1      | DivinePoxer set off with the following items: a +0 club, a
                  | +0 robe, a wand of flame (7); and the following spells
                  | available to memorise: Slow, Summon Small Mammal, Call
                  | Canine Familiar, Inner Flame, Fulminant Prism
     0 | D:1      | Reached XP level 1. HP: 18/18 MP: 2/2
    99 | D:1      | Found a faded altar of an unknown god.
   171 | D:1      | Reached XP level 2. HP: 18/26 MP: 3/3
  1564 | D:1      | Reached XP level 3. HP: 33/33 MP: 4/4
  1572 | D:1      | Reached skill level 1 in Axes
  2800 | D:2      | Slain by a worm

Illustrated notes

Levels and vault maps discovered:
D:1:      dpeg_arrival_prison, layout_basic, basic_ecumenical_altar
D:2:      layout_basic, uniq_jessica, uniq_robin

Skill      XL: |  1  2  3 |
---------------+----------+-----
Fighting       | 2 |  2.8
Axes           | 1 |  1.5
Armour         | |  1.0
Spellcasting   | |  1.0
Hexes          | |  2.0
Summonings     | |  1.0
Evocations     | |  4.0

Action                   || total
-------------------------++-------
Melee: Club              ||    10
       Whip              ||   107
       Punch             ||     3
 Abil: Spit Poison       ||    17
Evoke: Wand              ||     2
Armor: Robe              ||    19
Dodge: Dodged            ||    59
